 Dungeon Crawl Stone Soup version 0.27-a0-394-g49c82dfaf2 (webtiles) character file.

Game seed: 749084913300381471

380 hehateme the Covered (level 7, 0/52 HPs)
             Began as a Human Wanderer on Feb 20, 2021.
             Slain by an iguana (5 damage)
             ... on level 3 of the Dungeon.
             The game lasted 00:05:43 (3954 turns).

hehateme the Covered (Human Wanderer)               Turns: 3954, Time: 00:05:44

Health: 0/52       AC: 18    Str: 14    XL:     7   Next: 4%
Magic:  7/7        EV:  0    Int: 14    God:
Gold:   55         SH:  0    Dex: 11    Spells: 6/6 levels left

rFire    . . .     SeeInvis .   a - +2 hand axe
rCold    . . .     Faith    .   (no shield)
rNeg     . . .     Spirit   .   e - +0 crystal plate armour
rPois    .         Reflect  .   (no helmet)
rElec    .         Harm     .   (no cloak)
rCorr    .         Rampage  .   (no gloves)
Will     .....                  (no boots)
Stlth    ..........             (no amulet)
HPRegen  0.17/turn              (no ring)
MPRegen  0.10/turn              (no ring)

@: no status effects
A: no striking features
a: no special abilities


You were on level 3 of the Dungeon.
You visited 1 branch of the dungeon, and saw 4 of its levels.

You collected 55 gold pieces.

Inventory:

Hand Weapons
 a - a +2 hand axe (weapon)
Missiles
 c - 15 poisoned darts (quivered)
 f - 4 silver boomerangs
 q - 32 sling bullets
 t - 59 arrows
 u - 2 boomerangs
 Q - 72 stones
Armour
 e - a +0 crystal plate armour (worn)
 j - a +0 chain mail
Scrolls
 b - 5 scrolls of teleportation {unknown}
 g - 5 scrolls of identify {unknown}
 h - a scroll of magic mapping {unknown}
 i - 2 scrolls of blinking {unknown}
 k - a scroll of noise {unknown}
 o - a scroll of fear {unknown}
 r - a scroll of amnesia {unknown}
 s - a scroll of fog {unknown}
 v - a scroll of enchant weapon {unknown}
Potions
 d - 3 potions of curing
 l - a potion of berserk rage {unknown}
 m - 2 potions of lignification {unknown}
 n - a potion of degeneration {unknown}
 p - a potion of haste {unknown}


   Skills:
 + Level 3.4 Fighting
 + Level 4.4 Axes
 - Level 2.0 Throwing
 * Level 6.5 Armour


You had 6 spell levels left.
You didn't know any spells.
Your spell library was empty.

Dungeon Overview and Level Annotations

Branches:
Dungeon (4/15)
 Temple: D:4-7

Altars:
Ru
Xom
Zin

Annotations:
D:4 Duvessa


Message History

The orc hits you but does no damage.
You take 13 damage, and have 26/52 hp.
GAME OVER YEAH!!
You barely miss the ogre. You hit the orc.
You kill the orc!
The ogre hits you with a +0 giant club!
* * * LOW HITPOINT WARNING * * *
You take 7 damage, and have 19/52 hp.
You barely miss the ogre. The ogre hits you with a +0 giant club!
* * * LOW HITPOINT WARNING * * *
Duvessa, Sister of Dowan comes into view.
She is wielding a +0 short sword.
You take 7 damage, and have 12/52 hp.
Duvessa shouts!
The iguana bites you but does no damage.
Things that are here:
a +0 giant club; an ogre corpse Duvessa gestures with her weapon.
Duvessa says, "My weaknesses are his strengths!"
There is a stone staircase leading up here.
The iguana bites you but does no damage.
You climb upwards.
There is a stone staircase leading down here.
You hit the iguana but do no damage. The iguana bites you.
* * * LOW HITPOINT WARNING * * *
You take 5 damage, and have 14/52 hp.
You hit the iguana.
The iguana bites you but does no damage.
You hit the iguana.
The iguana bites you but does no damage.
You closely miss the iguana. The iguana bites you.
* * * LOW HITPOINT WARNING * * *
You take 3 damage, and have 11/52 hp.
You hit the iguana but do no damage. The iguana bites you.
* * * LOW HITPOINT WARNING * * *
You take 4 damage, and have 7/52 hp.
You hit the iguana. The iguana bites you.
* * * LOW HITPOINT WARNING * * *
You take 2 damage, and have 5/52 hp.
You hit the iguana but do no damage. The iguana bites you.
You die...

### ####.#
##########....##.# ..#
#.# #.......##.##.# #.#
#.# #.#####.......#
#.## #.#
#.#####.##.#### ...#
#.##########.##....†..#
#..#
#.........##.......####
#..#
#########.##.......#
...# #.##.##.##.#
...###### #@l.....##.#
.....)..# ####.#####.#
....###.# #.#####.#
....# #.# #.......#
#..####.## #########
...# #.#.# ...# ##.##
..## #.# ..# #.##

Skill      XL: |  1  2  3  4  5  6 |
---------------+-------------------+-----
Axes           | 3 4 |  4.4
Fighting       | 2 3 |  3.4
Armour         | 6 |  6.5
Throwing       | |  2.0

Notes
Turn   | Place    | Note
-------+----------+-------------------------------------------
     0 | D:1      | hehateme the Human Wanderer began the quest for the Orb.
     0 | D:1      | hehateme set off with the following items: a +2 hand axe, a
                  | potion of curing, 8 poisoned darts, a +0 dagger, a +0 robe
     0 | D:1      | Reached XP level 1. HP: 15/15 MP: 1/1
   309 | D:1      | Reached XP level 2. HP: 17/21 MP: 2/2
   448 | D:1      | You fall into a shaft and drop 1 floor!
   459 | D:2      | Reached XP level 3. HP: 17/26 MP: 3/3
   461 | D:2      | Reached skill level 3 in Axes
  1325 | D:2      | Reached skill level 2 in Fighting
  1325 | D:2      | Reached XP level 4. HP: 33/33 MP: 4/4
  2316 | D:2      | Noticed an angel
  2317 | D:2      | Found a shimmering altar of Xom.
  2317 | D:2      | Found a glowing silver altar of Zin.
  2576 | D:3      | Reached XP level 5. HP: 39/39 MP: 5/5
  3008 | D:3      | Found a sacrificial altar of Ru.
  3219 | D:3      | Reached XP level 6. HP: 46/46 MP: 6/6
  3446 | D:3      | Reached skill level 4 in Axes
  3619 | D:4      | Reached skill level 6 in Armour
  3626 | D:4      | Reached skill level 3 in Fighting
  3781 | D:4      | Noticed an ogre
  3789 | D:4      | Killed an ogre
  3869 | D:4      | Reached XP level 7. HP: 48/52 MP: 7/7
  3906 | D:4      | HP: 12/52 [ogre/+0 giant club (7)]
  3906 | D:4      | Noticed Duvessa
  3951 | D:3      | HP: 11/52 [iguana (4)]
  3953 | D:3      | HP: 5/52 [iguana (2)]
  3954 | D:3      | Slain by an iguana

Table legend: (Time is in decaauts)
 A = Elapsed time spent in this place.
 B = Non-inter-level travel time spent in this place.
 C = Inter-level travel time spent in this place.
 D = Time resting spent in this place.
 E = Time spent auto-exploring this place.
 F = Levels seen in this place.
 G = Mean time per level.
                   A        B        C        D        E       F      G
               +--------+--------+--------+--------+--------+-----+--------+
         Total |   3987 |   3903 |     84 |    569 |   2593 |   4 |  996.8 |
       Dungeon |   3987 |   3903 |     84 |    569 |   2593 |   4 |  996.8 |
               +--------+--------+--------+--------+--------+-----+--------+

Top non-repeatable levels by time:
     D:2: 1699 daAuts
     D:1: 1009 daAuts
     D:3: 942 daAuts
     D:4: 335 daAuts

Table legend:
 A = Kills in this place as a percentage of kills in entire the game.
 B = Kills by you in this place as a percentage of kills by you in the entire game.
 C = Kills by friends in this place as a percentage of kills by friends in the entire game.
 D = Other kills in this place as a percentage of other kills in the entire game.
 E = Experience gained in this place as a percentage of experience gained in the entire game.
 F = Experience gained in this place divided by the number of levels of this place that you have seen.
                   A       B       C       D       E      F
               +-------+-------+-------+-------+-------+----------------------
         Total | 100.0 | 100.0 |   N/A |   N/A | 100.0 | 135.8
       Dungeon | 100.0 | 100.0 |   N/A |   N/A | 100.0 | 135.8
               +-------+-------+-------+-------+-------+----------------------

Action                   |  1- 3 |  4- 6 |  7- 9 || total
-------------------------+-------+-------+-------++-------
Melee: Hand axe          |    58 |   224 |    13 ||   295
Throw: Stone             |     5 |    73 |       ||    78
       Dart              |       |    67 |     5 ||    72
  Use: Potion            |     1 |       |       ||     1
Armor: Robe              |     5 |       |       ||     5
       Ring mail         |    20 |       |       ||    20
       Chain mail        |    20 |   116 |       ||   136
       Crystal plate arm |       |    21 |     8 ||    29
Dodge: Dodged            |    42 |    53 |       ||    95

Vanquished Creatures
  An ogre (D:4)
  An orc priest (D:3)
  A centaur skeleton (D:4)
  An orc wizard (D:2)
  2 worker ants (D:4)
  6 adders
  An ooze (D:1)
  2 adder skeletons
  5 worms
  2 dart slugs
  4 leopard geckos
  10 orcs
  9 bats
  3 giant cockroaches (D:1)
  7 goblins
  4 hobgoblins
  2 jackals (D:1)
  A quokka (D:3)
  3 ball pythons (D:3)
  7 frilled lizards
  10 kobolds
  8 rats
90 creatures vanquished. You could see an iguana.

Levels and vault maps discovered:
D:1:      dpeg_arrival_yet_another_circle, layout_rooms, minmay_split_cup_small
D:2:      layout_rooms, grunt_temple_overflow_order_and_chaos_1,
          kennysheep_big_empty_room, hex_tiny, kennysheep_minor_cross,
          serial_park_tiny_pond
D:3:      layout_loops_cross, nicolae_ru_the_path_less_chosen, minmay_bisected
D:4:      layout_basic, minmay_distorted, uniq_duvessa
